AoeStats
← Schweindals | LordN00bius

Arabia

509877803Analyzed
1v1 RM · 4d ago on Sep 28, 2026· 45m 24s· 2 players
Game mode
Random Map
Map size
Tiny (2 player)
Population
200
Speed
Normal
Resources
Standard
Victory
Conquest
Starting age
Dark Age
Ending age
Imperial Age
RankedLock teamsTeams togetherTeam positionsShared explorationLock speedFull tech treeHidden civsTurbo modeCheats
Victory
Defeat
1026
+16
🇦🇹 Italians · Austria
1021
-16
risadevenganza
7:17 Loom
9:48 Feudal Age
11:43 Wheelbarrow
14:34 Castle Age
12:45 Double-Bit Axe
13:13 Horse Collar
15:16 Forging
16:56 Scale Barding Armor
28:24 Fletching
28:34 Padded Archer Armor
30:19 Town Watch
30:53 Hand Cart
33:28 Pikeman
35:04 Town Patrol
41:55 Imperial Age
Schweindals | LordN00bius
13:36 Feudal Age
13:40 Man-at-Arms
14:07 Double-Bit Axe
16:01 Arson
16:28 Forging
19:15 Scale Mail Armor
19:24 Loom
23:38 Castle Age
21:38 Gold Mining
22:21 Horse Collar
23:43 Pikeman
24:25 Gambesons
26:33 Bow Saw
25:59 Long Swordsman
27:25 Chain Mail Armor
28:32 Bloodlines
29:39 Wheelbarrow
30:30 Scale Barding Armor
31:37 Chain Barding Armor
33:03 Elite Skirmisher
34:23 Husbandry
42:39 Imperial Age
41:59 Hand Cart
42:07 Hand Cart
42:52 Cavalier
44:10 Plate Barding Armor
44:03 Masonry
43:27 Capped Ram
Connection lost

Rejoining the realm…

Still unreachable

The connection could not be restored.

Session expired

The server has moved on; the page needs a fresh start.